Map: Romanticide LE

Players

GunGFuBanDa

  • Race: Protoss Protoss
  • League: Grandmaster
  • Spawn Location: 5:00

HellraiseR - Winner!

  • Race: Protoss Protoss
  • League: Master
  • Spawn Location: 11:00

Event: DreamHack SC2 Masters 2020 Winter

VOD

Have the link to the VOD?

Description

Time

  • Played on: Nov. 4, 2020, 11:10 a.m.
  • Length: 25:02

All games in this series

Show
View Real Time Build Order
Export as new Build Order

GunGFuBanDa Protoss 

Build Orders:  

Get SALT Encoding   

  12  0:00  Probe  
  13  0:12  Probe  
  14  0:17  Pylon  
  14  0:24  Probe (Chrono Boost)  
  16  0:36  Gateway, Probe (Chrono Boost)  
  16  0:43  Probe (Chrono Boost)  
  16  0:47  Assimilator  
  17  0:50  Probe  
  17  0:55  Assimilator  
  18  1:03  Probe (Chrono Boost)  
  19  1:11  Gateway  
  20  1:12  Probe (Chrono Boost)  
  20  1:17  Probe (Chrono Boost)  
  20  1:24  Cybernetics Core  
  21  1:29  Probe  
  22  1:35  Pylon  
  22  1:41  Probe  
  23  1:53  Probe  
  24  2:00  Stalker x2  
  28  2:03  Warp Gate  
  28  2:05  Probe  
  29  2:14  Pylon  
  29  2:20  Pylon  
  29  2:30  Stalker  
  29  2:34  Stalker  
  33  2:57  Nexus  
  33  3:00  Sentry  
  33  3:04  Sentry  
  37  3:06  Probe  
  38  3:14  Pylon  
  38  3:18  Probe  
  39  3:24  Shield Battery  
  39  3:40  Probe  
  40  3:42  Twilight Council  
  40  3:48  Forge  
  40  3:55  Stalker, Shield Battery, Sentry  
  40  3:57  Probe (Chrono Boost)  
  45  4:07  Probe (Chrono Boost)  
  46  4:11  Probe (Chrono Boost)  
  46  4:12  Probe (Chrono Boost)  
  48  4:22  Stalker  
  48  4:23  Probe  
  51  4:24  Stalker, Probe  
  51  4:29  Protoss Ground Weapons Level 1 (Chrono Boost)  
  54  4:41  Probe  
  54  4:42  Probe  
  56  4:51  Stalker  
  58  4:53  Probe  
  58  4:54  Probe  
  56  5:00  Shield Battery  
  52  5:07  Probe (Chrono Boost)  
  52  5:10  Blink (Chrono Boost)  
  52  5:13  Probe (Chrono Boost)  
  54  5:18  Probe (Chrono Boost)  
  56  5:22  Probe (Chrono Boost)  
  56  5:25  Probe (Chrono Boost)  
  56  5:27  Nexus  
  57  5:28  Probe (Chrono Boost)  
  57  5:33  Sentry  
  60  5:36  Pylon  
  60  5:38  Probe  
  60  5:40  Probe  
  62  5:46  Robotics Facility  
  62  5:47  Pylon  
  62  5:53  Probe  
  62  5:54  Probe  
  63  6:00  Assimilator  
  63  6:05  Probe (Chrono Boost)  
  63  6:06  Probe (Chrono Boost)  
  63  6:11  Shield Battery  
  65  6:17  Probe (Chrono Boost)  
  65  6:18  Probe (Chrono Boost)  
  67  6:20  Gateway  
  67  6:22  Gateway  
  68  6:26  Probe x2 (Chrono Boost)  
  68  6:31  Probe, Immortal (Chrono Boost)  
  68  6:32  Probe  
  69  6:34  Photon Cannon  
  69  6:37  Sentry  
  77  6:42  Probe  
  77  6:43  Probe  
  77  6:44  Probe  
  77  6:46  Stalker  
  82  6:53  Shield Battery  
  82  6:54  Probe  
  82  6:56  Probe x2  
  89  7:02  Pylon  
  89  7:06  Probe  
  89  7:08  Probe  
  90  7:17  Shield Battery  
  90  7:18  Stalker  
  90  7:21  Pylon  
  90  7:22  Immortal (Chrono Boost)  
  92  7:26  Probe  
  92  7:29  Pylon  
  93  7:30  Shield Battery  
  93  7:31  Protoss Ground Weapons Level 2 (Chrono Boost)  
  89  7:41  Stalker x4  
  89  7:43  Probe x3  
  100  7:46  Assimilator  
  100  7:49  Assimilator  
  100  7:51  Pylon  
  100  7:52  Photon Cannon, Observer (Chrono Boost)  
  100  7:55  Assimilator, Probe x2  
  100  7:58  Probe  
  100  8:07  Probe x2  
  100  8:10  Probe  
  100  8:11  Warp Prism  
  105  8:19  Probe x2  
  107  8:20  Dark Shrine  
  107  8:24  Stalker x3  
  113  8:28  Gateway  
  113  8:29  Gateway  
  113  8:33  Probe x2  
  112  8:41  Stalker  
  112  8:47  Robotics Bay  
  114  8:52  Stalker  
  114  8:55  Pylon  
  116  8:56  Pylon  
  116  8:58  Pylon  
  116  9:13  Gateway x2  
  116  9:15  Stalker x4  
  122  9:19  Photon Cannon  
  122  9:28  Disruptor (Chrono Boost)  
  122  9:31  Gateway  
  122  9:37  Protoss Ground Weapons Level 3 (Chrono Boost)  
  121  9:39  Stalker, Sentry x2  
  121  9:40  Stalker x2  
  121  9:41  Pylon  
  121  9:44  Stalker  
  133  9:51  Disruptor  
  133  9:57  Shield Battery  
  136  10:02  Pylon  
  136  10:20  Dark Templar  
  136  10:21  Dark Templar x3  
  144  10:23  Zealot x4  
  144  10:25  Gateway  
  151  10:32  Colossus (Chrono Boost)  
  155  10:51  Nexus  
  155  10:56  Pylon, Extended Thermal Lance (Chrono Boost)  
  153  11:06  Probe x2  
  153  11:07  Archon  
  153  11:10  Stalker x3  
  157  11:14  Probe  
  157  11:15  Photon Cannon  
  157  11:16  Photon Cannon, Dark Templar  
  160  11:20  Pylon, Disruptor (Chrono Boost), Shield Battery  
  159  11:30  Charge  
  159  11:32  Pylon  
  159  11:33  Pylon  
  159  11:35  Pylon  
  159  11:50  Stalker  
  159  11:51  Stalker x7  
  173  12:11  Pylon, Immortal (Chrono Boost)  
  177  12:18  Unknown  
  177  12:28  Probe  
  178  12:32  Gravitic Boosters (Chrono Boost)  
  178  12:34  Shadow Stride (Chrono Boost)  
  178  12:42  Disruptor  
  178  12:43  Photon Cannon x2  
  180  12:44  Probe x3  
  180  12:46  Shield Battery  
  183  12:55  Dark Templar x4  
  183  12:56  Dark Templar  
  183  12:58  Zealot x2  
  195  12:59  Pylon  
  195  13:06  Zealot x2  
  194  13:13  Probe  
  194  13:18  Probe  
  194  13:19  Probe  
  181  13:20  Zealot x2  
  181  13:27  Protoss Shields Level 1, Probe  
  179  13:28  Probe  
  179  13:31  Probe x2  
  179  13:32  Zealot  
  179  13:34  Zealot x6  
  156  13:51  Dark Templar  
  156  13:54  Observer (Chrono Boost)  
  152  14:07  Observer (Chrono Boost)  
  152  14:09  Zealot x8  
  139  14:17  Probe  
  139  14:19  Nexus  
  119  14:26  Dark Templar  
  119  14:33  Stalker x8  
  119  14:34  Pylon  
  135  14:40  Robotics Facility  
  129  14:59  Probe x2  
  127  15:01  Robotics Facility  
  127  15:10  Probe  
  128  15:14  Pylon  
  128  15:15  Pylon  
  128  15:16  Dark Templar x5  
  128  15:17  Dark Templar x3  
  142  15:23  Probe x3  
  142  15:26  Photon Cannon  
  142  15:27  Shield Battery  
  145  15:30  Observer (Chrono Boost)  
  145  15:35  Probe x2  
  144  15:40  Pylon  
  140  15:48  Observer  
  140  15:49  Dark Templar x2  
  145  15:51  Disruptor (Chrono Boost)  
  148  16:01  Probe x2  
  150  16:09  Stalker x6  
  160  16:12  Disruptor (Chrono Boost), Probe x2  
  160  16:13  Probe x2  
  167  16:21  Assimilator  
  167  16:23  Assimilator  
  167  16:24  Observer (Chrono Boost)  
  166  16:39  Photon Cannon, Observer (Chrono Boost)  
  167  16:41  Disruptor (Chrono Boost), Zealot x6  
  167  16:42  Zealot x2  
  186  16:48  Shield Battery  
  186  16:49  Photon Cannon  
  186  17:00  Photon Cannon  
  189  17:01  Disruptor (Chrono Boost), Shield Battery  
  189  17:04  Dark Templar  
  189  17:05  Dark Templar, Zealot x2  
  191  17:09  Observer (Chrono Boost)  
  191  17:13  Zealot x3  
  191  17:14  Zealot  
  157  17:44  Dark Templar x6  
  169  17:51  Pylon  
  169  18:02  Disruptor (Chrono Boost)  
  169  18:03  Nexus, Disruptor (Chrono Boost)  
  169  18:05  Pylon  
  162  18:20  Probe  
  162  18:21  Probe x2  
  162  18:22  Dark Templar, Zealot x3  
  150  18:33  Probe  
  149  18:34  Probe  
  149  18:35  Disruptor (Chrono Boost)  
  149  18:36  Photon Cannon, Disruptor (Chrono Boost)  
  149  18:39  Photon Cannon  
  156  18:41  Photon Cannon  
  156  18:47  Shield Battery  
  150  18:48  Photon Cannon  
  150  18:50  Photon Cannon  
  149  19:04  Stalker x5, Disruptor (Chrono Boost)  
  149  19:05  Stalker x3  
  164  19:15  Observer (Chrono Boost)  
  147  19:26  Shield Battery x2  
  147  19:29  Dark Templar  
  147  19:30  Zealot x5  
  147  19:31  Zealot, Observer (Chrono Boost), Sentry  
  163  19:33  Observer (Chrono Boost)  
  151  19:48  Observer  
  149  19:54  Zealot x7  
  149  20:09  Zealot  
  149  20:10  Probe  
  146  20:40  Nexus  
  143  20:53  Photon Cannon  
  143  21:01  Stalker x5  
  143  21:02  Stalker x2, Dark Templar  
  143  21:03  Photon Cannon  
  159  21:07  Shield Battery x2  
  147  21:28  Dark Templar  
  147  21:29  Dark Templar x4  
  147  21:30  Zealot x2  
  139  21:47  Observer (Chrono Boost)  
  139  21:48  Stalker  
  139  21:52  Gateway  
  141  21:56  Gateway  
  141  21:58  Gateway  
  131  22:02  Dark Templar x4  
  130  22:17  Probe x3  
  130  22:19  Assimilator, Photon Cannon  
  130  22:20  Assimilator  
  130  22:22  Stalker  
  135  22:24  Photon Cannon  
  135  22:29  Probe  
  136  22:35  Pylon  
  136  22:38  Pylon  
  136  22:43  Zealot x4  
  143  22:45  Observer  
  144  23:02  Shield Battery  
  144  23:03  Pylon  
  142  23:09  Stalker x9  
  142  23:10  Stalker  
  141  23:44  Observer x2  
  141  23:46  Zealot x8  
  132  23:58  Probe x2  
  132  24:00  Dark Templar, Shield Battery  
  132  24:01  Dark Templar  
  130  24:04  Disruptor (Chrono Boost)  
  124  24:15  Disruptor (Chrono Boost), Zealot x8  
  129  24:24  Photon Cannon  
  129  24:25  Shield Battery  
  128  24:34  Dark Templar  
  128  24:35  Dark Templar  
Show
View Real Time Build Order
Export as new Build Order

HellraiseR Protoss - Winner!

Build Orders: Oracle Opening 

Get SALT Encoding   

  12  0:00  Probe  
  13  0:12  Probe  
  14  0:17  Pylon  
  14  0:24  Probe (Chrono Boost)  
  16  0:36  Gateway  
  16  0:37  Probe (Chrono Boost)  
  16  0:42  Probe (Chrono Boost)  
  16  0:45  Assimilator  
  17  0:52  Probe (Chrono Boost)  
  17  0:54  Assimilator  
  18  1:04  Probe (Chrono Boost)  
  19  1:10  Gateway  
  19  1:12  Probe (Chrono Boost)  
  19  1:18  Probe  
  20  1:23  Cybernetics Core  
  21  1:30  Probe  
  22  1:34  Pylon  
  22  1:42  Probe  
  23  1:54  Probe  
  23  2:00  Stalker x2, Warp Gate  
  28  2:07  Probe  
  29  2:12  Pylon  
  29  2:30  Stalker x2  
  33  2:37  Stargate  
  33  2:40  Probe  
  34  3:06  Nexus  
  34  3:10  Probe  
  35  3:17  Oracle (Chrono Boost)  
  35  3:23  Pylon  
  35  3:26  Probe  
  40  3:41  Probe  
  40  3:44  Oracle (Chrono Boost)  
  43  3:50  Adept  
  43  3:51  Adept  
  47  3:58  Pylon  
  47  4:16  Probe  
  48  4:17  Stalker x2  
  48  4:21  Probe  
  53  4:28  Twilight Council  
  53  4:29  Probe (Chrono Boost)  
  54  4:34  Probe (Chrono Boost)  
  55  4:41  Probe (Chrono Boost)  
  55  4:43  Probe (Chrono Boost)  
  57  4:46  Probe (Chrono Boost)  
  57  4:48  Probe (Chrono Boost)  
  59  4:58  Probe  
  58  5:04  Probe  
  58  5:06  Blink  
  59  5:08  Forge  
  59  5:10  Probe  
  59  5:12  Assimilator  
  60  5:17  Pylon, Probe (Chrono Boost)  
  60  5:20  Stalker x2  
  65  5:28  Probe (Chrono Boost)  
  67  5:29  Probe (Chrono Boost)  
  67  5:34  Protoss Ground Weapons Level 1 (Chrono Boost), Probe (Chrono Boost)  
  69  5:36  Probe (Chrono Boost)  
  69  5:43  Probe  
  69  5:44  Nexus  
  71  5:55  Gateway  
  71  5:58  Gateway, Sentry x2  
  71  6:02  Gateway  
  74  6:04  Gateway  
  74  6:09  Probe x2  
  74  6:11  Pylon  
  76  6:22  Stalker  
  76  6:24  Pylon  
  76  6:25  Pylon  
  78  6:29  Stalker  
  78  6:30  Probe x2  
  82  6:42  Probe x2  
  82  6:44  Gateway  
  82  6:47  Sentry  
  84  6:53  Stalker x3  
  90  6:54  Probe x2  
  90  6:57  Stalker  
  90  7:01  Stalker  
  96  7:07  Pylon  
  97  7:08  Probe x2  
  97  7:15  Stalker  
  101  7:17  Stalker x2  
  101  7:18  Protoss Ground Weapons Level 2 (Chrono Boost)  
  101  7:19  Probe  
  101  7:20  Probe  
  101  7:22  Probe  
  107  7:31  Charge, Probe  
  104  7:43  Gateway  
  102  7:44  Nexus  
  102  7:49  Photon Cannon  
  102  7:51  Photon Cannon  
  102  8:04  Stalker x4  
  110  8:07  Probe x2  
  110  8:09  Probe  
  113  8:15  Stalker x2  
  113  8:19  Pylon, Probe  
  118  8:24  Photon Cannon  
  118  8:31  Probe  
  118  8:32  Probe  
  120  8:39  Probe  
  120  8:41  Robotics Facility  
  121  8:42  Zealot x6  
  121  8:47  Pylon  
  133  8:48  Photon Cannon  
  133  8:51  Pylon  
  133  8:56  Probe x2  
  133  8:57  Probe x2  
  137  9:03  Zealot x5  
  147  9:15  Stalker x3  
  153  9:23  Stalker x5  
  163  9:25  Probe  
  163  9:26  Protoss Ground Weapons Level 3 (Chrono Boost)  
  163  9:28  Pylon  
  164  9:32  Pylon  
  162  9:41  Nexus  
  162  9:42  Pylon  
  162  9:47  Photon Cannon  
  162  9:50  Shield Battery  
  162  9:51  Assimilator, Probe x3  
  165  9:55  Zealot  
  165  9:56  Phoenix (Chrono Boost)  
  169  10:00  Assimilator  
  169  10:04  Photon Cannon  
  165  10:27  Warp Prism (Chrono Boost)  
  165  10:30  Gateway  
  165  10:31  Gateway  
  165  10:34  Probe x2  
  169  10:39  Photon Cannon  
  169  10:41  Photon Cannon  
  169  10:42  Shield Battery  
  169  10:44  Pylon, Dark Shrine  
  169  10:49  Zealot  
  163  10:50  Zealot x7  
  163  10:56  Observer (Chrono Boost)  
  169  11:06  Probe  
  169  11:10  Stalker x3  
  169  11:11  Probe  
  176  11:12  Photon Cannon, Observer  
  177  11:20  Probe x2  
  177  11:22  Probe  
  177  11:24  Zealot x5  
  190  11:35  Photon Cannon  
  190  11:36  Photon Cannon  
  190  11:38  Shield Battery  
  190  11:40  Pylon  
  186  11:48  Observer (Chrono Boost)  
  187  11:58  Shadow Stride (Chrono Boost)  
  171  12:05  Protoss Ground Armor Level 1 (Chrono Boost)  
  171  12:08  Dark Templar x3  
  165  12:09  Dark Templar  
  163  12:17  Observer (Chrono Boost)  
  164  12:26  Gateway  
  164  12:28  Gateway  
  164  12:30  Gateway  
  164  12:32  Unknown, Probe x2  
  164  12:33  Gateway  
  164  12:34  Pylon  
  164  12:36  Robotics Bay  
  166  12:37  Pylon  
  166  12:42  Probe x3  
  169  12:47  Nexus  
  169  12:48  Forge, Observer  
  169  12:49  Pylon  
  169  12:50  Probe  
  171  12:52  Probe  
  171  12:54  Probe  
  169  13:07  Zealot x6  
  169  13:08  Zealot x3  
  186  13:15  Probe  
  171  13:27  Probe x3  
  171  13:28  Probe  
  171  13:32  Probe  
  174  13:35  Stalker x4, Zealot x5  
  174  13:36  Stalker x4  
  192  13:54  Probe  
  185  14:00  Dark Templar x8, Zealot x2  
  185  14:01  Zealot x3  
  185  14:02  Probe  
  168  14:10  Protoss Ground Armor Level 2 (Chrono Boost)  
  160  14:18  Probe x2  
  160  14:20  Probe  
  160  14:22  Nexus  
  160  14:23  Probe  
  156  14:26  Probe  
  156  14:30  Probe x2  
  156  14:31  Nexus, Disruptor (Chrono Boost)  
  157  14:37  Pylon, Probe  
  161  14:38  Probe  
  161  14:43  Stalker x3  
  161  14:44  Stalker x10  
  180  14:48  Probe  
  167  14:54  Probe x2  
  167  14:58  Photon Cannon  
  169  15:00  Photon Cannon, Observer  
  169  15:04  Photon Cannon, Shield Battery  
  169  15:05  Photon Cannon  
  169  15:06  Photon Cannon  
  170  15:07  Pylon  
  170  15:11  Photon Cannon  
  170  15:12  Dark Templar x4  
  177  15:24  Photon Cannon  
  177  15:26  Photon Cannon, Disruptor (Chrono Boost)  
  177  15:28  Photon Cannon  
  177  15:30  Shield Battery  
  180  15:38  Dark Templar  
  180  15:39  Pylon  
  182  15:56  Probe  
  181  15:59  Gravitic Boosters (Chrono Boost)  
  181  16:03  Probe x2  
  183  16:04  Photon Cannon, Protoss Shields Level 1 (Chrono Boost)  
  183  16:06  Photon Cannon  
  183  16:07  Photon Cannon  
  183  16:10  Photon Cannon  
  183  16:11  Photon Cannon, Dark Templar x2, Zealot x3  
  185  16:12  Zealot x3, Shield Battery  
  185  16:17  Pylon  
  199  16:20  Probe  
  200  16:31  Protoss Ground Armor Level 3 (Chrono Boost)  
  200  16:36  Assimilator  
  200  16:42  Gateway  
  200  16:45  Gateway  
  200  16:49  Gateway  
  200  16:51  Gateway  
  200  16:52  Pylon  
  195  17:14  Zealot x3  
  199  17:18  Observer  
  199  17:21  Dark Templar x2  
  193  17:33  Probe x2  
  193  17:34  Probe x2  
  185  17:39  Probe x2  
  185  17:40  Photon Cannon  
  185  17:43  Photon Cannon  
  185  17:46  Photon Cannon  
  185  17:47  Photon Cannon, Probe  
  185  17:49  Photon Cannon  
  186  17:51  Photon Cannon  
  186  17:54  Photon Cannon  
  186  17:55  Photon Cannon, Observer (Chrono Boost)  
  186  17:57  Shield Battery  
  187  18:01  Pylon  
  187  18:03  Dark Templar x6  
  199  18:07  Nexus  
  199  18:19  Zealot  
  199  18:26  Disruptor (Chrono Boost)  
  195  18:30  Protoss Shields Level 2 (Chrono Boost)  
  194  18:35  Zealot x3  
  194  18:38  Assimilator  
  194  18:39  Assimilator  
  200  18:42  Photon Cannon  
  200  18:44  Photon Cannon  
  200  18:47  Pylon  
  192  18:58  Nexus, Zealot  
  192  18:59  Zealot x3  
  192  19:02  Observer (Chrono Boost)  
  187  19:23  Zealot x5  
  187  19:24  Zealot x3  
  199  19:26  Observer (Chrono Boost)  
  188  19:46  Disruptor (Chrono Boost)  
  155  20:13  Stalker  
  155  20:14  Stalker x14  
  158  20:15  Stalker x2  
  158  20:17  Probe x3  
  158  20:18  Probe  
  158  20:19  Pylon  
  158  20:20  Observer (Chrono Boost)  
  189  20:21  Pylon  
  189  20:23  Pylon  
  189  20:30  Probe x2  
  189  20:32  Probe  
  189  20:34  Observer (Chrono Boost)  
  193  20:35  Assimilator  
  193  20:37  Assimilator  
  193  20:42  Stalker x3  
  193  20:46  Photon Cannon  
  193  20:48  Photon Cannon  
  199  20:50  Photon Cannon  
  199  20:51  Shield Battery  
  199  20:56  Observer  
  200  21:15  Nexus  
  200  21:25  Nexus  
  183  21:48  Zealot x8  
  199  21:55  Pylon  
  199  21:56  Pylon  
  199  22:00  Observer  
  200  22:06  Nexus  
  200  22:08  Pylon  
  184  22:13  Stalker x6  
  184  22:14  Stalker x6  
  183  22:16  Zealot x5  
  188  22:27  Probe  
  188  22:28  Probe  
  188  22:29  Photon Cannon, Probe x2  
  182  22:35  Photon Cannon  
  182  22:37  Photon Cannon  
  182  22:38  Dark Templar x5, Zealot x4  
  182  22:39  Shield Battery  
  182  22:40  Pylon  
  200  22:52  Nexus  
  200  22:55  Photon Cannon  
  200  22:56  Photon Cannon  
  200  22:58  Photon Cannon, Shield Battery  
  200  23:01  Nexus, Shield Battery  
  200  23:02  Pylon  
  198  23:06  Pylon  
  198  23:10  Zealot  
  198  23:27  Observer  
  165  23:45  Zealot x8  
  165  23:46  Zealot x8  
  165  23:47  Probe  
  163  24:01  Observer (Chrono Boost)  
  162  24:06  Pylon  
  162  24:07  Stalker x6  
  162  24:08  Zealot x10  
  187  24:20  Photon Cannon, Observer (Chrono Boost)  
  187  24:22  Probe x2  
  187  24:23  Photon Cannon  
  187  24:24  Probe  
  191  24:25  Photon Cannon x2  
  191  24:26  Probe  
  191  24:27  Pylon  
  191  24:28  Photon Cannon  
  191  24:29  Shield Battery  
  190  24:32  Observer  
  190  24:42  Dark Templar x6  
  190  24:44  Probe  
  184  24:57  Zealot x7  
Tags
 
Add a new tag
Caveats
  • Supply blocks, unpowered buildings, or Contaminate may cause inaccurate times.
  • Supply counts are checked every 10 seconds.